 Dungeon Crawl Stone Soup version 0.29-a0-892-g2c4c91d9db (webtiles) character file.

Game seed: 10221624151790398387

21982 Armakuni the Fighter (level 12, 0/106 HPs)
             Began as a Purple Draconian Transmuter on July 22, 2022.
             Was a Believer of Elyvilon.
             Slain by a skeletal warrior
             ... wielding a +0 battleaxe
              (27 damage)
             ... on level 11 of the Dungeon.
             The game lasted 00:36:00 (13757 turns).

Armakuni the Fighter (Purple Draconian Transmuter) Turns: 13757, Time: 00:36:00

Health: 0/106      AC: 17    Str: 15    XL:     12   Next: 59%
Magic:  22/22      EV: 13    Int: 24    God:    Elyvilon [**....]
Gold:   1381       SH:  5    Dex: 12    Spells: 13/24 levels left

rFire   . . .      SeeInvis .     - Unarmed
rCold   . . .      Faith    .   w - +0 buckler
rNeg    . . .      Spirit   .   (body armour unavailable)
rPois   .          Reflect  .   (helmet restricted)
rElec   .          Harm     +   C - +1 cloak {Will+}
rCorr   .          Rampage  .   D - +0 pair of gloves of the Miller {Regen+ Str+2}
Will    ++...                   q - +1 pair of boots
Stlth   +.........              H - amulet of Ferael {RegenMP Harm Drain Int+6}
HPRegen 1.07/turn               V - +4 ring of slaying
MPRegen 0.58/turn               A - +4 ring of protection

@: about to teleport, short of breath, studying Shields
A: breathe power, AC +8, unfitting armour, cold-blooded
a: Breathe Dispelling Energy, Renounce Religion, Purification, Heal Other


You were on level 11 of the Dungeon.
You worshipped Elyvilon.
Elyvilon was pleased with you.
You visited 1 branch of the dungeon, and saw 12 of its levels.
You also visited: Bailey.

You collected 1590 gold pieces.
You spent 209 gold pieces at shops.

Inventory:

Hand Weapons
 j - the +11 dire flail of Xom, Hurling {vorpal, Contam rPois Int+8 Dex-2}
   (You found it on level 8 of the Dungeon)

   It inflicts extra damage upon your enemies.
   Int:       It affects your intelligence (+8).
   Dex:       It affects your dexterity (-2).
   rPois:     It protects you from poison.
   Contam:    It causes magical contamination when unequipped.
Armour
 e - an orb of energy
 q - a +1 pair of boots (worn)
 w - a +0 buckler (worn)
 C - a +1 cloak of willpower (worn)
 D - the +0 pair of gloves of the Miller (worn) {Regen+ Str+2}
   (You found it on level 11 of the Dungeon)

   Str:       It affects your strength (+2).
   Regen:     It increases your rate of health regeneration.
Jewellery
 k - a +4 ring of protection
 s - a ring of flight
 u - a +4 ring of protection
 A - a +4 ring of protection (right hand)
 H - the amulet of Ferael (around neck) {RegenMP Harm Drain Int+6}
   (You found it on level 5 of the Dungeon)

   [amulet of magic regeneration]

   It increases your rate of magic regeneration.
   Int:       It affects your intelligence (+6).
   Drain:     It drains your maximum health when unequipped.
   Harm:      It increases damage dealt and taken.
 I - a ring of wizardry
 V - a +4 ring of slaying (left hand)
 W - a ring of willpower
Wands
 o - a wand of charming (8)
 p - a wand of polymorph (6)
 v - a wand of flame (2)
 E - a wand of acid (3)
Scrolls
 c - 2 scrolls of teleportation
 d - a scroll of silence
 g - 4 scrolls of amnesia
 i - a scroll of identify
 n - 4 scrolls of vulnerability
 r - a scroll of enchant weapon
 y - a scroll of fear
 B - a scroll of brand weapon
Potions
 a - 4 potions of lignification
 b - 4 potions of mutation {unknown}
 f - 7 potions of curing
 h - 3 potions of heal wounds
 l - a potion of haste {unknown}
 m - 2 potions of brilliance
 t - a potion of flight
 x - 3 potions of ambrosia {unknown}
 z - a potion of cancellation {unknown}


   Skills:
 - Level 10.0 Fighting
 - Level 6.0 Dodging
 - Level 4.6 Shields
 - Level 10.0 Unarmed Combat
 - Level 6.8 Spellcasting
 - Level 5.4 Conjurations
 - Level 10.0 Transmutations
 - Level 5.0 Fire Magic
 + Level 7.3 Invocations
 - Level 5.0 Evocations


You had 13 spell levels left.
You knew the following spells:

 Your Spells              Type           Power      Damage    Failure   Level
a - Beastly Appendage     Tmut           100%       N/A       1%          1
n - Ice Form              Ice/Tmut       32%        N/A       12%         4
s - Sticky Flame          Conj/Fire      33%        2d5       11%         4
w - Wereblood             Tmut           54%        N/A       1%          2

Your spell library contained the following spells:

 Spells                   Type           Power      Damage    Failure   Level
 Passwall                 Tmut/Erth      26%        N/A       1%          2
 Shock                    Conj/Air       84%        1d8       3%          1
 Spider Form              Tmut/Pois      32%        N/A       3%          3
 Static Discharge         Conj/Air       21%        3-6/arc   4%          2
 Stone Arrow              Conj/Erth      42%        3d9       9%          3
 Sandblast                Erth           16%        2d6       10%         1
 Gell's Gravitas          Tloc           8%         N/A       28%         3
 Lesser Beckoning         Tloc           8%         N/A       28%         3
 Swiftness                Air            8%         N/A       28%         3
 Teleport Other           Tloc           8%         N/A       28%         3
 Airstrike                Air            4%         0-3+      67%         4
 Dispel Undead            Necr           8%         3d8       67%         4
 Conjure Ball Lightning   Conj/Air       10%        3x3d6     99%         6
 Discord                  Hex            4%         N/A       100%        8
 Disjunction              Tloc           4%         N/A       100%        8


Dungeon Overview and Level Annotations

Branches:
Dungeon (12/15)            Temple (0/1) D:7            Lair (0/5) D:8
    Orc (0/2) D:10         Bailey (visited)

Altars:
Ashenzari
Dithmenos
Elyvilon
Gozag
Hepliaklqana
Kikubaaqudgha
Makhleb
Nemelex Xobeh
Okawaru
Xom

Shops:
D:4 !   D:7 !


Innate Abilities, Weirdness & Mutations

You can breathe bolts of dispelling energy.
Your rich purple scales are hard. (AC +8)
You cannot fit into any form of body armour.
You are cold-blooded and may be slowed by cold attacks.


Message History

The skeletal warrior attacks as you move away!
You block the skeletal warrior's attack.
The skeletal warrior attacks as you move away!
The skeletal warrior hits you with a +0 battleaxe!
Okay, then.
Okay, then.
Okay, then.
Okay, then.
There is an open door here.
The skeletal warrior attacks as you move away!
The skeletal warrior hits you but does no damage.
Aiming: Breathe Dispelling Energy (2% risk of failure)
Press: ? - help, Shift-Dir - straight line, f - skeletal warrior
Aim: a skeletal warrior, wielding a +0 battleaxe (59% to hit)
You breathe a bolt of dispelling energy.
The bolt of dispelling energy hits the skeletal warrior!
The skeletal warrior is lightly damaged.
The bolt of dispelling energy hits the skeletal warrior but does no damage.
The bolt of dispelling energy hits the skeletal warrior.
The skeletal warrior is lightly damaged.
The skeletal warrior hits you with a +0 battleaxe!!
The skeletal warrior attacks as you move away!
The skeletal warrior hits you but does no damage.
Okay, then.
The skeletal warrior attacks as you move away!
The skeletal warrior hits you with a +0 battleaxe!
There is an open door here.
The skeletal warrior attacks as you move away!
You block the skeletal warrior's attack.
The skeletal warrior attacks as you move away!
The skeletal warrior barely misses you.
There is a stone staircase leading up, spattered with blood here.
The skeletal warrior hits you with a +0 battleaxe!
* * * LOW HITPOINT WARNING * * *
You climb upwards.
There is a stone staircase leading down here.
As you read the scroll of teleportation, it crumbles to dust.
You feel strangely unstable.
The skeletal warrior hits you with a +0 battleaxe!!
You die...

#.####.###........##
#.########.##......#
#........)....#...##
##.#.##..#.##.##.## ########
#.#.##[.#.##.##.# #......#
#.#.............#######
#.####.####.#.#...####.##........
#.##...........z..###..##.###.^##
.....#.###.##...@....#...........
#.##.#.###.####.#####.###.#.....#
........##.# #...# #.# #.#....##
#.......##.# #...# #.# #.#....##
####.......# #...####.###........
#.##.#### #)..............####
#......####...####)..###..# #
##..###...............###..####
#...# #...............##.......


You could see a skeletal warrior.

Vanquished Creatures
  A boulder beetle (D:11)
  3 two-headed ogres
  A skeletal warrior (D:12)
  A manticore (D:11)
  A gargoyle (D:11)
  Maggie (D:10)
  4 unseen horror zombies (D:9)
  3 trolls
  A hornet (D:8)
  3 slime creatures (D:10)
  The ghost of Peppero the Magician, an amateur DjCj (D:4)
  2 shadows
  A wyvern (D:7)
  A wraith (D:10)
  2 humans (D:9)
  26 yaks
  6 vampire mosquitoes
  A warg (D:11)
  An acid dragon (D:8)
  A water moccasin (D:8)
  13 orc warriors
  3 sky beasts
  A black bear (D:5)
  3 ice beasts
  4 wolves (D:8)
  3 ogres
  7 centaurs
  3 phantoms (D:6)
  3 kobold brigands
  2 bullfrogs
  4 gnoll sergeants
  5 necrophages
  3 scorpions
  6 wights
  2 electric eels (D:8)
  2 howler monkeys
  A centaur zombie (D:9)
  A human zombie (D:9)
  6 hounds
  4 orc priests
  3 iguanas
  5 orc wizards
  3 mummies (D:9)
  5 adders
  17 gnolls
  2 white imps (D:6)
  An ufetubus (D:5)
  2 worms
  2 dart slugs
  44 orcs
  3 endoplasms
  4 giant cockroaches
  4 goblins
  9 hobgoblins
  16 kobolds
  5 quokkas
  8 ball pythons
  4 bats
  4 frilled lizards
  2 rats
280 creatures vanquished.

Vanquished Creatures (collateral kills)
  The ghost of PaleRider the Thaumaturge, a journeyman DECj of Vehumet (D:11)
  An orc warrior (Bailey)
  4 centaurs (Bailey)
  5 orcs (Bailey)
11 creatures vanquished.

Vanquished Creatures (others)
  2 orc warriors (Bailey)
  2 withered plants (D:4)
4 creatures vanquished.

Grand Total: 295 creatures vanquished

Notes
Turn   | Place    | Note
-------+----------+-------------------------------------------
     0 | D:1      | Armakuni the Draconian Transmuter began the quest for the
                  | Orb.
     0 | D:1      | Reached XP level 1. HP: 16/16 MP: 3/3
   157 | D:1      | Reached XP level 2. HP: 19/24 MP: 5/5
   839 | D:2      | Reached XP level 3. HP: 30/30 MP: 4/6
  1287 | D:3      | Found a shimmering altar of Xom.
  1456 | D:3      | Found a faded altar of an unknown god.
  1616 | D:3      | Reached XP level 4. HP: 38/38 MP: 7/7
  1631 | D:3      | Learned a level 2 spell: Wereblood
  1636 | D:3      | Learned a level 4 spell: Ice Form
  1779 | D:3      | You fall into a shaft and drop 3 floors!
  1948 | D:6      | Found a hazy altar of Hepliaklqana.
  1950 | D:6      | Noticed a scorpion
  1960 | D:6      | Killed a scorpion
  1961 | D:6      | Reached XP level 5. HP: 34/46 MP: 6/8
  1989 | D:6      | Noticed a phantom
  1997 | D:5      | Entered Level 5 of the Dungeon
  2006 | D:5      | Reached skill level 5 in Unarmed Combat
  2141 | D:5      | Noticed a black bear
  2163 | D:5      | Noticed an ogre
  2169 | D:5      | Killed an ogre
  2170 | D:5      | Reached XP level 6. HP: 40/55 MP: 7/9
  2205 | D:3      | Reached skill level 5 in Fighting
  2408 | D:3      | Noticed an ice beast
  2415 | D:3      | Identified the +3 spear of Defiance {holy, rCorr Str+3}
  2422 | D:3      | Killed an ice beast
  2727 | D:4      | Noticed a sky beast
  2740 | D:4      | Killed a sky beast
  2741 | D:4      | Your scales start taking on a rich purple colour.
  2741 | D:4      | Reached XP level 7. HP: 59/61 MP: 8/10
  2742 | D:4      | Found Qeareawk's Distillery.
  2745 | D:4      | Bought a potion of curing for 33 gold pieces
  2745 | D:4      | Bought a potion of heal wounds for 55 gold pieces
  2745 | D:4      | Bought a potion of attraction for 33 gold pieces
  2745 | D:4      | Bought a potion of flight for 33 gold pieces
  2875 | D:4      | Found a runed translucent door.
  2875 | D:4      | Noticed Peppero's ghost (amateur DjCj)
  3325 | D:4      | Killed Peppero's ghost
  3326 | D:4      | Reached skill level 5 in Evocations
  3678 | D:5      | Identified the amulet of Ferael {RegenMP Harm Drain Int+6}
  3728 | D:5      | Reached XP level 8. HP: 57/70 MP: 9/11
  3912 | D:5      | Found a burning altar of Makhleb.
  4144 | D:5      | Learned a level 4 spell: Sticky Flame
  5224 | D:7      | Reached XP level 9. HP: 76/82 MP: 12/12
  5262 | D:7      | Found an opulent altar of Gozag.
  5366 | D:7      | Found a white marble altar of Elyvilon.
  5379 | D:7      | Found Dahes's Distillery.
  5570 | D:7      | Found a flagged portal.
  5648 | Bailey   | Entered a bailey
  6673 | Bailey   | Reached skill level 10 in Fighting
  6874 | Bailey   | Reached skill level 10 in Unarmed Combat
  6896 | Bailey   | Reached skill level 5 in Dodging
  6896 | Bailey   | Reached XP level 10. HP: 82/93 MP: 12/20
  7366 | D:7      | Identified the +4 flail "Pyduro" {holy, MP+9 Str+3 Int+3}
  7663 | D:7      | Became a worshipper of Elyvilon the Healer
  7748 | D:7      | Found a staircase to the Ecumenical Temple.
  8165 | D:8      | Reached XP level 11. HP: 52/99 MP: 21/21
  8692 | D:8      | Found a shadowy altar of Dithmenos.
  8866 | D:8      | Found a staircase to the Lair.
  8975 | D:8      | Identified the +11 dire flail of Xom, Hurling {vorpal,
                  | Contam rPois Int+8 Dex-2}
  9062 | D:9      | Reached * piety under Elyvilon
  9329 | D:9      | Found an ancient bone altar of Kikubaaqudgha.
  9517 | D:9      | Identified a scroll of acquirement
  9517 | D:9      | Acquired 748 gold pieces
  9568 | D:9      | Noticed a two-headed ogre
  9586 | D:9      | Reached skill level 10 in Transmutations
  9586 | D:9      | Reached skill level 1 in Shields
  9586 | D:9      | Killed a two-headed ogre
  9809 | D:9      | Reached skill level 1 in Invocations
  9928 | D:9      | Found an iron altar of Okawaru.
 10002 | D:9      | Reached ** piety under Elyvilon
 10081 | D:10     | Entered Level 10 of the Dungeon
 10135 | D:10     | Reached skill level 1 in Conjurations
 10135 | D:10     | Reached skill level 1 in Fire Magic
 10275 | D:10     | Found a broken altar of Ashenzari.
 10386 | D:10     | Noticed Maggie
 10395 | D:10     | Killed Maggie
 10727 | D:10     | Found a staircase to the Orcish Mines.
 10861 | D:10     | Noticed a two-headed ogre
 10869 | D:10     | Killed a two-headed ogre
 10870 | D:10     | Reached XP level 12. HP: 106/106 MP: 19/22
 10876 | D:10     | Found a sparkling altar of Nemelex Xobeh.
 11481 | D:7      | Bought a potion of heal wounds for 55 gold pieces
 12018 | D:11     | Reached *** piety under Elyvilon
 12035 | D:11     | Reached skill level 5 in Conjurations
 12035 | D:11     | Reached skill level 5 in Fire Magic
 12229 | D:11     | Noticed a boulder beetle
 12252 | D:11     | Killed a boulder beetle
 12629 | D:11     | Noticed a two-headed ogre
 12635 | D:11     | Killed a two-headed ogre
 12636 | D:11     | Reached skill level 5 in Invocations
 13170 | D:11     | Found a runed translucent gate.
 13170 | D:11     | Found a runed translucent gate.
 13170 | D:11     | Found a runed translucent gate.
 13176 | D:11     | Noticed PaleRider's ghost (journeyman DECj)
 13260 | D:11     | Killed PaleRider's ghost
 13287 | D:11     | Identified the +0 pair of gloves of the Miller {Regen+
                  | Str+2}
 13757 | D:11     | Slain by a skeletal warrior

Illustrated notes

Levels and vault maps discovered:
D:1:      lightli_arrival_noodles, layout_rooms, minmay_misc_feat_enclosed
D:2:      layout_basic
D:3:      wander_river, layout_basic, xom_teletrap_fun,
          shapermc_ecumenical_altar_starsandcircs, chequers_hall_statues_wall_a,
          minmay_close_crescents
D:4:      layout_gridville, serial_shops, nicolae_shop_hallway_stairs,
          gammafunk_ghost_grave, kennysheep_generic_room_3
D:5:      layout_cave_pods, kennysheep_mini_moat, kennysheep_windowed_goal
D:6:      layout_basic, old_standard_altar
D:7:      layout_basic, nicolae_gozag_seed_capital,
          mainiacjoe_overflow_alcove_4, minmay_temple_entry_crystal_x,
          serial_shops, nicolae_take_the_stairs, enter_bailey_8
D:8:      layout_rooms, marbit_many_paths, erik_lair_island,
          kennysheep_nondescript
D:9:      layout_long_grid, lemuel_mausoleum_altar_kikubaaqudgha, okawaru_humans
D:10:     layout_loops_cross, evilmike_ruin_ashenzari,
          mainiacjoe_overflow_24_doors, david_orc_2, minivault_21, uniq_maggie
D:11:     layout_loops_cross, biasface_ghost_orc_armoury
D:12:     layout_roguey

Skill      XL: |  1  2  3  4  5  6  7  8  9 10 11 12 |
---------------+-------------------------------------+-----
Fighting       | 2 3 4 5 6 8 10 | 10.0
Unarmed Combat | 4 5 6 8 10 | 10.0
Evocations     | 2 5 |  5.0
Dodging        | 5 6 |  6.0
Spellcasting   | 6 |  6.8
Transmutations | 6 10 | 10.0
Shields        | 4 |  4.6
Invocations    | 3 7 |  7.3
Conjurations   | 3 5 |  5.4
Fire Magic     | 3 5 |  5.0

Action                   |  1- 3 |  4- 6 |  7- 9 | 10-12 || total
-------------------------+-------+-------+-------+-------++-------
Melee: Unarmed           |    79 |    45 |   194 |   509 ||   827
       Tailslap          |     6 |     4 |    37 |    92 ||   139
       Headbutt          |     8 |     7 |    30 |    27 ||    72
       Kick              |    10 |    14 |    41 |    41 ||   106
       Punch             |       |     1 |    11 |     9 ||    21
Throw: Dart              |       |       |       |     3 ||     3
       Throwing net      |       |       |       |     1 ||     1
 Cast: Beastly Appendage |    24 |    11 |    33 |    12 ||    80
       Wereblood         |       |       |       |    17 ||    17
       Ice Form          |       |       |       |     2 ||     2
Invok: Heal Self         |       |       |       |     5 ||     5
 Abil: Breathe Dispellin |       |       |     1 |     6 ||     7
Evoke: Wand              |       |       |    18 |     5 ||    23
  Use: Scroll            |       |     2 |     9 |     9 ||    20
       Potion            |       |     1 |     5 |     2 ||     8
 Stab: Sleeping          |     4 |       |       |       ||     4
Armor: Skin              |    20 |    18 |    81 |   200 ||   319
Dodge: Dodged            |    37 |    28 |   173 |   250 ||   488
Block: Buckler           |       |       |       |    66 ||    66

Table legend: (Time is in decaauts)
 A = Elapsed time spent in this place.
 B = Non-inter-level travel time spent in this place.
 C = Inter-level travel time spent in this place.
 D = Time resting spent in this place.
 E = Time spent auto-exploring this place.
 F = Levels seen in this place.
 G = Mean time per level.
                   A        B        C        D        E       F      G
               +--------+--------+--------+--------+--------+-----+--------+
         Total |  13676 |  13190 |    486 |   2695 |   7556 |  13 | 1052.0 |
       Dungeon |  12078 |  11592 |    486 |   1654 |   7457 |  12 | 1006.5 |
        Bailey |   1598 |   1598 |      0 |   1041 |     99 |   1 | 1598.0 |
               +--------+--------+--------+--------+--------+-----+--------+

Top non-repeatable levels by time:
    D:11: 1994 daAuts
  Bailey: 1598 daAuts
    D:10: 1343 daAuts
     D:8: 1267 daAuts
     D:5: 1187 daAuts
     D:7: 1069 daAuts
     D:3: 1011 daAuts
     D:9: 987 daAuts
     D:4: 954 daAuts
     D:1: 751 daAuts
     D:6: 737 daAuts
     D:2: 532 daAuts
    D:12: 242 daAuts
